 Dungeon Crawl Stone Soup version 0.24.0-13-gcf9b3192b9 (webtiles) character file.

Game seed: 16097389296351683713, levelgen mode: deterministic

33490 Linguinho the Grappler (level 13, -13/139 HPs)
             Began as a Troll Fighter on Nov 10, 2019.
             Was the Champion of the Shining One.
             Mangled by an enormous slime creature (80 damage)
             ... on level 14 of the Dungeon.
             The game lasted 00:30:00 (12838 turns).

Linguinho the Grappler (Troll Fighter)             Turns: 12838, Time: 00:30:01

Health: -13/139    AC: 12    Str: 25    XL:     13   Next: 37%
Magic:  12/12      EV: 11    Int:  2    God:    the Shining One [******]
Gold:   686        SH: 14    Dex: 18    Spells: 12/12 levels left

rFire    + . .     SeeInvis +     - Unarmed
rCold    + . .     Gourm    +   Y - +2 shield {reflect}
rNeg     + + +     Faith    .   Z - +2 robe {rC+ rF+}
rPois    .         Spirit   .   T - +0 hat
rElec    +         Reflect  +   P - +1 cloak of Panentheism {+Inv Dex-4 Slay+4}
rCorr    .         Harm     +   (gloves unavailable)
MR       +....                  (boots unavailable)
Stlth    +.........             u - amulet of harm
HPRegen  0.73/turn              q - ring "Deuff" {MR+ AC+2 Int+3}
MPRegen  0.13/turn              V - ring of Lodus {rElec Str-2 Int-5 Dex+9 SInv}

@: glowing
A: large, unfitting armour, claws 3, fast metabolism 3, gourmand, regeneration
1, shaggy fur 1, tough skin 3
a: Divine Shield, Cleansing Flame, Summon Divine Warrior, Brand Weapon With Holy
Wrath, Renounce Religion, Evoke Invisibility


You were on level 14 of the Dungeon.
You worshipped the Shining One.
The Shining One was exalted by your worship.
You were full.

You visited 2 branches of the dungeon, and saw 15 of its levels.
You also visited: Ossuary, Gauntlet and Ice Cave.

You collected 821 gold pieces.
You spent 135 gold pieces at shops.

Inventory:

Hand Weapons
 N - the +10 demon trident of Egrynoes {elec, Dex+2, unknown}
   (You found it in an ice cave)

   Occasionally, upon striking a foe, it will discharge some electrical energy
   and cause terrible harm.
   It affects your dexterity (+2).
   The Shining One disapproves of the use of such an item.
Missiles
 o - 27 boomerangs (quivered)
 x - 6 large rocks
 O - a throwing net
Armour
 g - a scarf of cloud immunity
 P - the +1 cloak of Panentheism (worn) {+Inv Dex-4 Slay+4}
   (You found it in a Gauntlet)

   It affects your dexterity (-4).
   It affects your accuracy and damage with ranged weapons and melee attacks
   (+4).
   It lets you turn invisible.
 T - a +0 hat (worn)
 X - a +2 cloak of cold resistance
 Y - a +2 shield of reflection (worn)
 Z - a +2 robe of resistance (worn)
Jewellery
 p - an uncursed ring of protection from magic
 q - the ring "Deuff" (left claw) {MR+ AC+2 Int+3}
   (You bought it in a shop on level 6 of the Dungeon)

   [ring of protection]

   It affects your AC (+2).
   It affects your intelligence (+3).
   It affects your resistance to hostile enchantments.
 u - an amulet of harm (around neck)
 I - an uncursed ring of flight
 J - an uncursed ring of protection from magic
 M - an uncursed amulet of magic regeneration
 V - the ring of Lodus (right claw) {rElec Str-2 Int-5 Dex+9 SInv}
   (You found it on level 11 of the Dungeon)

   [ring of see invisible]

   It affects your strength (-2).
   It affects your intelligence (-5).
   It affects your dexterity (+9).
   It insulates you from electricity.
   It lets you see invisible.
 W - an uncursed ring of fire
Wands
 e - a wand of enslavement (11)
 y - a wand of flame (25)
 L - a wand of disintegration (11)
Scrolls
 b - a scroll of magic mapping
 h - 6 scrolls of blinking
 j - 10 scrolls of teleportation
 l - 8 scrolls of enchant weapon
 r - 5 scrolls of enchant armour {unknown}
 t - 2 scrolls of identify
 w - 3 scrolls of immolation
 z - a scroll of silence {unknown}
 A - a scroll of fear
 E - a scroll of fog {unknown}
 G - a scroll of summoning {unknown}
 Q - a scroll of torment {unknown}
 R - 2 scrolls of remove curse
 U - a scroll of vulnerability {unknown}
Potions
 a - 3 potions of mutation {unknown}
 c - 5 potions of might
 f - 2 potions of lignification
 i - 7 potions of heal wounds
 k - a potion of ambrosia {unknown}
 m - 4 potions of curing
 n - 2 potions of resistance {unknown}
 s - 4 potions of flight
 v - 2 potions of magic {unknown}
 C - a potion of haste
 D - a potion of berserk rage {unknown}
 F - 5 potions of invisibility
 H - 4 potions of cancellation {unknown}
 K - 2 potions of agility
Comestibles
 d - 27 rations


   Skills:
 + Level 11.7 Fighting
 + Level 9.6 Throwing
 - Level 2.4 Dodging
 - Level 9.0 Shields
 - Level 12.0 Unarmed Combat


You had 12 spell levels left.
You didn't know any spells.
Your spell library contained the following spells:

 Spells                   Type           Power        Failure   Level  Hunger
 Confusing Touch          Hex            #.....       54%         1    ##.....
 Magic Dart               Conj           #...         54%         1    ##.....
 Blink                    Tloc           N/A          69%         2    ###....
 Call Imp                 Summ           #.......     69%         2    ###....
 Poisonous Vapours        Pois/Air       #.....       69%         2    ###....
 Searing Ray              Conj           #.....       69%         2    ###....
 Shroud of Golubria       Chrm/Tloc      #.....       69%         2    ###....
 Slow                     Hex            #.......     69%         2    ###....
 Confuse                  Hex            #.......     89%         3    ####...
 Conjure Flame            Conj/Fire      #.......     89%         3    ####...
 Dazzling Spray           Conj/Hex       #.....       89%         3    ####...
 Gell's Gravitas          Tloc           #.........   89%         3    ####...
 Inner Flame              Hex/Fire       #.......     89%         3    ####...
 Lesser Beckoning         Tloc           #.........   89%         3    ####...
 Mephitic Cloud           Conj/Pois/Air  #.......     89%         3    ####...
 Recall                   Summ/Tloc      N/A          89%         3    ####...
 Summon Guardian Golem    Hex/Summ       #.......     89%         3    ####...
 Teleport Other           Tloc           #.......     89%         3    ####...
 Force Lance              Conj/Tloc      #.......     100%        4    #####..
 Fulminant Prism          Conj/Hex       #.........   100%        4    #####..
 Iskenderun's Mystic Bla  Conj           #.......     100%        4    #####..
 Passage of Golubria      Tloc           N/A          100%        4    #####..
 Petrify                  Tmut/Erth      #.......     100%        4    #####..
 Aura of Abjuration       Summ           #.........   100%        5    ######.
 Irradiate                Conj/Tmut      #.........   100%        5    ######.
 Metabolic Englaciation   Hex/Ice        #.........   100%        5    ######.
 Summon Demon             Summ           #.........   100%        5    ######.
 Summon Forest            Summ/Tloc      #.........   100%        5    ######.
 Summon Mana Viper        Hex/Summ       #.......     100%        5    ######.
 Yara's Violent Unravell  Hex/Tmut       #.........   100%        5    ######.
 Darkness                 Hex            #.........   100%        6    #######
 Freezing Cloud           Conj/Ice/Air   #.........   100%        6    #######
 Hydra Form               Tmut           #.........   100%        6    #######
 Shadow Creatures         Summ           N/A          100%        6    #######
 Statue Form              Tmut/Erth      #........    100%        6    #######
 Dragon Form              Tmut           #.........   100%        7    #######
 Ring of Flames           Chrm/Fire      #.........   100%        7    #######


Dungeon Overview and Level Annotations

Branches:
Dungeon (14/15)            Temple (1/1) D:4            Lair (0/6) D:8
    Orc (0/2) D:9          Vaults (0/5) D:13        Ossuary (visited)
  IceCv (visited)         Gauntlet (visited)

Altars:
Ashenzari
Cheibriados
Dithmenos
Elyvilon
Fedhas
Hepliaklqana
Kikubaaqudgha
Makhleb
Nemelex Xobeh
Okawaru
Qazlal
Ru
Sif Muna
Trog
Uskayaw
Vehumet
Xom
Zin
The Shining One

Shops:
D:6 *   D:13 *

Annotations:
D:9 3 runed translucent doors, AlterAsc's ghost, novice VSTm


Innate Abilities, Weirdness & Mutations

You are too large for most types of armour.
You have claws for hands.
Your metabolism is lightning-fast.
You like to eat raw meat.
Your natural rate of healing is unusually fast.
You are covered in fur. (AC +1)
You have extremely tough skin. (AC +3)


Message History

You block the bullfrog's attack.
You block the centaur warrior simulacrum's attack.
You scratch the bullfrog.
You kill the bullfrog!
You block the crimson imp's attack.
You block the enormous slime creature's attack.
The centaur warrior simulacrum hits you but does no damage.
The crimson imp hits you.
You claw the centaur warrior simulacrum!
The centaur warrior simulacrum is severely damaged.
The centaur warrior simulacrum hits you but does no damage.
The crimson imp hits you but does no damage.
The enormous slime creature hits you!!!
You hear a shout!
You claw the centaur warrior simulacrum!
The centaur warrior simulacrum is almost destroyed.
You block the centaur warrior simulacrum's attack.
You block the crimson imp's attack. The enormous slime creature hits you!!!
Ouch! That really hurt!
You die...

# #?....####
#. #........
#..#......####
............
#...>.# ##
#....#
###..##a#<##
......J5Z)#
###.###@###
#.....#
#..#### ....
###


You could see an enormous slime creature, a worker ant, a crimson imp and a
centaur warrior simulacrum.

Vanquished Creatures
  Kirke (D:12)
  A reaper (IceCv)
  A minotaur (Gauntlet)
  A hydra (D:13)
  Erica (D:11)
  3 centaur warriors
  7 two-headed ogres
  2 thrashing horrors (Gauntlet)
  Nergalle (D:10)
  An unseen horror (D:13)
  An ugly thing (D:12)
  2 ice statues (IceCv)
  9 ice devils (IceCv)
  5 trolls
  4 hippogriffs
  4 slime creatures (D:13)
  Grinder (D:4)
  A meliai zombie (D:13)
  5 flying skulls (Gauntlet)
  A wyvern (D:8)
  Eustachio (D:5)
  12 yaks (D:11)
  5 hogs
  2 hungry ghosts (D:9)
  3 small abominations (Gauntlet)
  Edmund (D:4)
  3 swamp worms (Gauntlet)
  A two-headed ogre zombie (D:9)
  14 orc warriors
  2 sky beasts
  11 ice beasts
  3 phantoms
  2 black bears
  2 eyes of draining
  2 necrophages
  3 ogres
  A boggart (D:13)
  8 centaurs
  2 big kobolds
  Blork the orc (D:5)
  7 bullfrogs
  2 wyvern zombies
  4 scorpions
  11 killer bees
  A troll zombie (D:9)
  4 howler monkeys
  5 wights
  4 crimson imps
  2 bullfrog zombies (Ossuary)
  2 quasits
  3 hounds
  24 orc wizards
  2 centaur skeletons
  10 orc priests
  A bullfrog skeleton (D:12)
  2 iguanas
  8 worker ants
  Natasha (thrice) (D:4)
  2 killer bee zombies (Ossuary)
  6 ogre zombies (D:9)
  5 hound zombies
  21 mummies (Ossuary)
  2 worker ant zombies (Ossuary)
  4 adders
  6 shadow imps
  7 white imps (IceCv)
  9 ufetubi (IceCv)
  An ooze (D:1)
  4 worms
  2 dart slugs (D:1)
  5 leopard geckos
  63 orcs
  9 giant cockroaches
  12 goblins
  9 hobgoblins
  14 jackals
  7 kobolds
  2 quokkas
  A ball python zombie (Ossuary)
  5 bats
  4 frilled lizards
  3 hobgoblin zombies (D:9)
  2 leopard gecko skeletons
  A leopard gecko zombie (D:8)
  3 orc skeletons (D:9)
  19 orc zombies (D:9)
  A quokka zombie (Ossuary)
  6 rats
461 creatures vanquished.

Vanquished Creatures (others)
  A slime creature (D:13)
  2 centaurs (D:13)
  2 white imps (IceCv)
  3 ufetubi (IceCv)
  An orc (D:13)
  3 withered plants (Ossuary)
12 creatures vanquished.

Grand Total: 473 creatures vanquished

Notes
Turn   | Place    | Note
-------+----------+-------------------------------------------
     0 | D:1      | Linguinho the Troll Fighter began the quest for the Orb.
     0 | D:1      | Reached XP level 1. HP: 22/22 MP: 0/0
    77 | D:1      | Reached XP level 2. HP: 29/29 MP: 1/1
   305 | D:1      | Reached XP level 3. HP: 36/36 MP: 2/2
   480 | D:2      | Found a blossoming altar of Fedhas.
   751 | D:2      | Reached skill level 3 in Unarmed Combat
   751 | D:2      | Reached XP level 4. HP: 44/45 MP: 3/3
   754 | D:2      | Found a snail-covered altar of Cheibriados.
  1392 | D:3      | Found a shattered altar of Ashenzari.
  1527 | D:3      | Found an iron altar of Okawaru.
  1572 | D:3      | You fall into a shaft and drop 1 floor!
  1598 | D:4      | Reached XP level 5. HP: 38/53 MP: 4/4
  1606 | D:4      | Noticed an ogre
  1614 | D:4      | HP: 1/53 [ogre/cursed +0 giant club (16)]
  1642 | D:4      | Killed an ogre
  1642 | D:4      | Reached XP level 6. HP: 11/62 MP: 5/5
  1754 | D:4      | Reached skill level 4 in Unarmed Combat
  1782 | D:4      | Noticed Natasha
  1801 | D:4      | Killed Natasha
  2034 | D:4      | Noticed Edmund
  2046 | D:4      | Killed Edmund
  2249 | D:4      | Found a staircase to the Ecumenical Temple.
  2254 | D:4      | Noticed Grinder
  2260 | D:4      | Paralysed by Grinder for 4 turns
  2274 | Temple   | Entered the Ecumenical Temple
  2397 | Temple   | Became a worshipper of the Shining One
  2425 | D:4      | Killed Grinder
  2425 | D:4      | Reached XP level 7. HP: 46/71 MP: 6/6
  2598 | D:4      | Noticed Natasha
  2602 | D:4      | Killed Natasha
  2719 | D:4      | Noticed Natasha
  2727 | D:4      | Killed Natasha
  2727 | D:4      | Reached skill level 5 in Unarmed Combat
  2870 | D:5      | Entered Level 5 of the Dungeon
  2870 | D:5      | Noticed Blork the orc
  2878 | D:5      | Killed Blork the orc
  2996 | D:5      | Noticed Eustachio
  3024 | D:5      | HP: 3/71 [worker ant (3)]
  3064 | D:5      | Killed Eustachio
  3064 | D:5      | Reached skill level 5 in Fighting
  3064 | D:5      | Reached skill level 5 in Shields
  3064 | D:5      | Reached XP level 8. HP: 17/80 MP: 7/7
  3467 | D:6      | Reached * piety under the Shining One
  3473 | D:6      | Reached skill level 6 in Unarmed Combat
  3486 | D:6      | HP: 2/81 [wight/+2 short sword of venom (6)]
  3493 | D:7      | HP: 2/81 [orc/+0 hand axe (3)]
  3647 | D:6      | Found Qoiluixt's Assorted Antiques.
  3661 | D:6      | Bought a transparent lapis lazuli ring for 135 gold pieces
  3661 | D:6      | Identified the ring "Deuff" {MR+ AC+2 Int+3} (You bought it
                  | in a shop on level 6 of the Dungeon)
  3973 | D:6      | Reached skill level 7 in Unarmed Combat
  4043 | D:6      | Found a radiant altar of Vehumet.
  4050 | D:6      | Reached XP level 9. HP: 83/89 MP: 8/8
  4292 | D:7      | Found an ancient bone altar of Kikubaaqudgha.
  4456 | D:7      | Found a sparkling altar of Nemelex Xobeh.
  4457 | D:7      | Found a shimmering altar of Xom.
  4629 | D:7      | Reached ** piety under the Shining One
  4776 | D:8      | Noticed a two-headed ogre
  4782 | D:8      | Killed a two-headed ogre
  4782 | D:8      | Reached skill level 8 in Unarmed Combat
  4959 | D:8      | Found a staircase to the Lair.
  5146 | D:8      | Reached XP level 10. HP: 92/102 MP: 9/9
  5176 | D:8      | Found a sand-covered staircase.
  5181 | Ossuary  | Entered an ossuary
  5230 | Ossuary  | Reached *** piety under the Shining One
  5294 | Ossuary  | Reached **** piety under the Shining One
  5528 | D:8      | Found a white marble altar of Elyvilon.
  5541 | D:8      | Reached skill level 9 in Unarmed Combat
  5731 | D:8      | Found a bloodstained altar of Trog.
  6190 | D:9      | Reached skill level 1 in Throwing
  6227 | D:9      | Reached ***** piety under the Shining One
  6328 | D:9      | Reached ****** piety under the Shining One
  6338 | D:9      | Found a staircase to the Orcish Mines.
  6461 | D:9      | Found a runed translucent gate.
  6461 | D:9      | Found a runed translucent gate.
  6461 | D:9      | Noticed a spectral centaur warrior
  6461 | D:9      | Noticed a spectral centaur warrior
  6462 | D:9      | Found a runed translucent gate.
  6463 | D:9      | Noticed AlterAsc's ghost (novice VSTm)
  6862 | D:10     | Entered Level 10 of the Dungeon
  7201 | D:10     | Reached skill level 10 in Unarmed Combat
  7246 | D:10     | Noticed Nergalle
  7264 | D:10     | Killed Nergalle
  7264 | D:10     | Reached XP level 11. HP: 113/113 MP: 10/10
  8119 | D:11     | Found a stormy altar of Qazlal.
  8181 | D:11     | Noticed Erica
  8248 | D:11     | Killed Erica
  8276 | D:11     | Reached skill level 11 in Unarmed Combat
  8935 | D:11     | Got a slimy lead ring
  9109 | D:11     | Identified the ring of Lodus {rElec Str-2 Int-5 Dex+9 SInv}
                  | (You found it on level 11 of the Dungeon)
  9141 | D:12     | Noticed Kirke
  9141 | D:12     | Noticed a cyan ugly thing
  9217 | D:12     | Noticed a two-headed ogre
  9223 | D:12     | Killed a two-headed ogre
  9225 | D:12     | Found a gate leading to a gauntlet.
  9230 | Gauntlet | Entered a Gauntlet
  9230 | Gauntlet | Found a transporter.
  9230 | Gauntlet | Found a transporter.
  9247 | Gauntlet | Found a runed translucent door.
  9250 | Gauntlet | Found a transporter.
  9252 | Gauntlet | Found a transporter.
  9263 | Gauntlet | Found a transporter.
  9264 | Gauntlet | Found a transporter.
  9264 | Gauntlet | Noticed a queen ant
  9266 | Gauntlet | Noticed a thrashing horror
  9266 | Gauntlet | Noticed a thrashing horror
  9268 | Gauntlet | Found a runed translucent door.
  9270 | Gauntlet | Found a runed translucent door.
  9272 | Gauntlet | Found a transporter.
  9288 | Gauntlet | Found a transporter.
  9303 | Gauntlet | Found a transporter.
  9307 | Gauntlet | Found a transporter.
  9315 | Gauntlet | Found a transporter.
  9319 | Gauntlet | Found a transporter.
  9343 | Gauntlet | Noticed a tengu warrior
  9688 | Gauntlet | Killed a thrashing horror
  9688 | Gauntlet | Reached skill level 5 in Throwing
  9689 | Gauntlet | Killed a thrashing horror
  9689 | Gauntlet | Reached skill level 12 in Unarmed Combat
  9689 | Gauntlet | Reached XP level 12. HP: 123/123 MP: 11/11
  9704 | Gauntlet | Got a heavily runed cloak
  9717 | Gauntlet | Identified the +1 cloak of Panentheism {+Inv Dex-4 Slay+4}
                  | (You found it in a Gauntlet)
  9734 | Gauntlet | Identified the +5 war axe "Beastslayer" {chop, Int+4
                  | Stlth+}
  9734 | Gauntlet | Noticed a minotaur
  9751 | Gauntlet | Killed a minotaur
  9772 | Gauntlet | Identified Qoprach's Disquisition on Hexes
 10005 | D:12     | Noticed a two-headed ogre
 10020 | D:12     | Killed a two-headed ogre
 10388 | D:12     | Killed Kirke
 10388 | D:12     | Reached skill level 10 in Fighting
 10520 | D:12     | Noticed a two-headed ogre
 10525 | D:12     | Killed a two-headed ogre
 10695 | D:12     | Found a shadowy altar of Dithmenos.
 10982 | D:13     | Noticed a two-headed ogre
 10988 | D:13     | Killed a two-headed ogre
 11027 | D:13     | Found Bodwua's Demolitions Depot.
 11035 | D:13     | Noticed a centaur warrior
 11051 | D:13     | Killed a centaur warrior
 11099 | D:13     | Found a frozen archway.
 11118 | IceCv    | Entered an ice cave
 11500 | IceCv    | Noticed a reaper
 11526 | IceCv    | Killed a reaper
 11526 | IceCv    | Reached XP level 13. HP: 73/137 MP: 12/12
 11575 | IceCv    | Got a slimy demon trident
 11722 | D:13     | Found a gate to the Vaults.
 11963 | D:12     | HP: 3/137 [two-headed ogre/+0 giant spiked club (25)]
 12838 | D:14     | Mangled by an enormous slime creature

Levels and vault maps discovered:
D:1:      dpeg_arrival_boxes_within_box, layout_rooms, minmay_tripent
D:2:      layout_basic, marbit_many_paths, overflow_temple_1_default,
          wad_orctagon
D:3:      layout_rooms, okawaru_metal_pillars_1_2, ashenzari_conservatory_becter
D:4:      minmay_angry_zag, layout_basic, minmay_temple_entry_statues_pillars,
          first_ration, uniq_natasha, uniq_edmund, uniq_grinder
D:5:      layout_basic, uniq_blork_the_orc, uniq_eustachio
D:6:      layout_basic, vehumet_altar_wand_db, serial_shops, nicolae_shop_stone,
          minivault_19, grunt_decor_arrowhead,
          minmay_a_box_with_orc_wizards_in_it
D:7:      kennysheep_spiral_hall, layout_basic,
          chequers_temple_overflow_statue_of_worship
D:8:      layout_loops_ring, kennysheep_mini, elyvilon_altar_5,
          lair_entry_dummy, enter_ossuary_2
D:9:      cheibrodos_iron_armory, layout_loops_ring, zombieorc2_lemuel,
          gammafunk_ghost_necromancy
D:10:     layout_basic, uniq_nergalle
D:11:     layout_stronghold, blue_anna_alchemist [blue_anna_fruit_fields,
          blue_anna_fruit_fields], nicolae_qazlal_style_of_elements, uniq_erica
D:12:     layout_stronghold, gauntlet_entry_generic,
          nicolae_dithmenos_the_darkroom, uniq_kirke
D:13:     layout_big_octagon, portal_ice_cave_entry_ice_beasts,
          nicolae_blasting_shop, small_chamber_with_monster
D:14:     layout_loops_ring, minmay_misc_feat_diagonals, uniq_josephine,
          uniq_azrael
Temple:   hc_temple_tempest_star

Skill      XL: |  1  2  3  4  5  6  7  8  9 10 11 12 13 |
---------------+----------------------------------------+-----
Fighting       | 3 4 5 6 7 8 9 11 | 11.7
Shields        | 3 4 5 6 7 8 9 |  9.0
Unarmed Combat | 3 4 5 7 8 10 12 | 12.0
Throwing       | 2 5 8 9 |  9.6
Dodging        | |  2.4

Action                   |  1- 3 |  4- 6 |  7- 9 | 10-12 | 13-15 || total
-------------------------+-------+-------+-------+-------+-------++-------
Melee: Unarmed           |   110 |   108 |   261 |   659 |    92 ||  1230
Throw: Boomerang         |       |       |       |    36 |     8 ||    44
       Large rock        |       |       |       |     3 |     2 ||     5
Invok: Divine Shield     |       |       |       |     2 |       ||     2
  Use: Potion            |       |       |     6 |     4 |       ||    10
       Scroll            |       |       |    11 |     6 |       ||    17
 Stab: Sleeping          |     1 |     3 |       |       |       ||     4
  Eat: Chunk             |    13 |    12 |    28 |    52 |    16 ||   121
Armor: Robe              |    34 |    22 |    66 |    95 |    37 ||   254
       Skin              |       |       |       |    11 |       ||    11
Dodge: Dodged            |    37 |    22 |    90 |   145 |    38 ||   332
Block: Shield            |    49 |    52 |   130 |   275 |    94 ||   600
       Reflection        |       |       |       |    11 |    14 ||    25
